SL
BUCKHEAD BOWTIES @ FT. WORTH CATTLEMEN
10/02/2042
 
TOP OF THE 1ST
Buckhead Bowties batting - Pitching for Ft. Worth Cattlemen : LHP Shigochiyo Tanaka
Pitching: LHP Shigochiyo Tanaka
Batting: SHB Silvio Capitanio 0-0: Ground out 1-3 (Groundball, P, EV 82.5 MPH)
Batting: LHB Jared Schneider 0-0: Fly out, F7 (Flyball, 7LDF, EV 78.8 MPH)
Batting: LHB Jesús Encarnación 0-0: Ball
1-0: Ball
2-0: Ball
3-0: Called Strike
3-1: Fly out, F9 (Flyball, 89S, EV 81.2 MPH)
Top of the 1st over - 0 runs, 0 hits, 0 errors, 0 left on base; Buckhead 0 - Ft. Worth 0
BOTTOM OF THE 1ST
Ft. Worth Cattlemen batting - Pitching for Buckhead Bowties : LHP Jong-yong Ha
Pitching: LHP Jong-yong Ha
Batting: RHB Jurgen Flurgenburgen 0-0: Ball
1-0: Ball
2-0: Ball
3-0: Fly out, F8 (Line Drive, 8LD, EV 93.8 MPH)
Batting: RHB Peter Holland 0-0: Ball
1-0: Swinging Strike
1-1: Ball
2-1: Foul Ball, location: 2F
2-2: Ball
3-2: Fly out, F8 (Flyball, 89S, EV 86.2 MPH)
Batting: LHB Semo Hoaloha 0-0: Ball
1-0: Swinging Strike
1-1: Foul Ball, location: 2F
1-2: Ground out 6-3 (Groundball, 4M, EV 103.8 MPH)
Bottom of the 1st over - 0 runs, 0 hits, 0 errors, 0 left on base; Buckhead 0 - Ft. Worth 0
TOP OF THE 2ND
Buckhead Bowties batting - Pitching for Ft. Worth Cattlemen : LHP Shigochiyo Tanaka
Batting: LHB Spencer Powell 0-0: Ball
1-0: Foul Ball, location: 2F
1-1: Swinging Strike
1-2: Foul Ball, location: 2F
1-2: Strikes out swinging
Batting: LHB Marcus Shill 0-0: Called Strike
0-1: Fly out, F8 (Flyball, 8RM, EV 90.0 MPH)
Batting: LHB Charles Godard 0-0: Ball
1-0: Ground out U3 (Groundball, 34, EV 85.0 MPH)
Top of the 2nd over - 0 runs, 0 hits, 0 errors, 0 left on base; Buckhead 0 - Ft. Worth 0
BOTTOM OF THE 2ND
Ft. Worth Cattlemen batting - Pitching for Buckhead Bowties : LHP Jong-yong Ha
Batting: RHB Tae-cho Han 0-0: Called Strike
0-1: Ball
1-1: Called Strike
1-2: Ball
2-2: Ball
3-2: Base on Balls
Batting: SHB Kolby Hay 0-0: Ball
1-0: Foul Ball, location: 2F
1-1: Ball
2-1: Ball
3-1: Foul Ball, location: 2F
3-2: Ground out 5-3 (Groundball, 56, EV 88.1 MPH)
Tae-cho Han to second
Batting: RHB Min-gook Ch'oe 0-0: Ground out 5-3 (Groundball, 56S, EV 79.4 MPH)
Batting: LHB Shawn Kyllo 0-0: Called Strike
0-1: Fly out, F9 (Flyball, 9D, EV 91.2 MPH)
Bottom of the 2nd over - 0 runs, 0 hits, 0 errors, 1 left on base; Buckhead 0 - Ft. Worth 0
TOP OF THE 3RD
Buckhead Bowties batting - Pitching for Ft. Worth Cattlemen : LHP Shigochiyo Tanaka
Batting: RHB Félix Fernández 0-0: Ball
1-0: Called Strike
1-1: Fly out, F7 (Line Drive, 7, EV 98.8 MPH)
Batting: RHB Juan Barrón 0-0: Ball
1-0: Foul Ball, location: 2F
1-1: Called Strike
1-2: Ball
2-2: Ground out 6-3 (Groundball, 6, EV 88.1 MPH)
Batting: RHB Hugh Mungus 0-0: Called Strike
0-1: Ball
1-1: Ball
2-1: Swinging Strike
2-2: Strikes out swinging
Top of the 3rd over - 0 runs, 0 hits, 0 errors, 0 left on base; Buckhead 0 - Ft. Worth 0
BOTTOM OF THE 3RD
Ft. Worth Cattlemen batting - Pitching for Buckhead Bowties : LHP Jong-yong Ha
Batting: LHB Blake Browning 0-0: Called Strike
0-1: Ground out 4-3 (Groundball, 4S, EV 67.5 MPH)
Batting: SHB Bren Spillane 0-0: Ball
1-0: Foul Ball, location: 2F
1-1: Fly out, F7 (Flyball, 7LMF, EV 93.1 MPH)
Batting: RHB Jurgen Flurgenburgen 0-0: Bunt for hit to 3S - play at first, batter safe!
Batting: RHB Peter Holland 0-0: Foul Ball, location: 2F
0-1: Called Strike
Jurgen Flurgenburgen steals 2nd base
0-2: Ball
1-2: Foul Ball, location: 2F
1-2: Foul Ball, location: 2F
1-2: Strikes out looking
Bottom of the 3rd over - 0 runs, 1 hit, 0 errors, 1 left on base; Buckhead 0 - Ft. Worth 0
TOP OF THE 4TH
Buckhead Bowties batting - Pitching for Ft. Worth Cattlemen : LHP Shigochiyo Tanaka
Batting: SHB Silvio Capitanio 0-0: Called Strike
0-1: Ball
1-1: Ball
2-1: Ground out 1-3 (Groundball, 25, EV 83.8 MPH)
Batting: LHB Jared Schneider 0-0: Fly out, F8 (Flyball, 8RD, EV 92.5 MPH)
Batting: LHB Jesús Encarnación 0-0: Ground out 3-1 (Groundball, 34, EV 106.9 MPH)
Top of the 4th over - 0 runs, 0 hits, 0 errors, 0 left on base; Buckhead 0 - Ft. Worth 0
BOTTOM OF THE 4TH
Ft. Worth Cattlemen batting - Pitching for Buckhead Bowties : LHP Jong-yong Ha
Batting: LHB Semo Hoaloha 0-0: Called Strike
0-1: Called Strike
0-2: Strikes out looking
Batting: RHB Tae-cho Han 0-0: Ball
1-0: Foul Ball, location: 2F
1-1: Ball
2-1: Foul Ball, location: 2F
2-2: Ball
3-2: Fly out, F7 (Line Drive, 7, EV 86.9 MPH)
Batting: SHB Kolby Hay 0-0: Swinging Strike
0-1: Ball
1-1: SINGLE (Line Drive, 7S, EV 100.0 MPH)
Batting: RHB Min-gook Ch'oe 0-0: Fly out, F8 (Line Drive, 8RM, EV 93.8 MPH)
Bottom of the 4th over - 0 runs, 1 hit, 0 errors, 1 left on base; Buckhead 0 - Ft. Worth 0
TOP OF THE 5TH
Buckhead Bowties batting - Pitching for Ft. Worth Cattlemen : LHP Shigochiyo Tanaka
Batting: LHB Spencer Powell 0-0: Ball
1-0: Ball
2-0: Called Strike
2-1: Fly out, F6 (Popup, 6S, EV 79.4 MPH)
Batting: LHB Marcus Shill 0-0: Swinging Strike
0-1: Ball
1-1: Swinging Strike
1-2: Ball
2-2: Strikes out swinging
Batting: LHB Charles Godard 0-0: Called Strike
0-1: Ball
1-1: Ball
2-1: Ball
3-1: Swinging Strike
3-2: Strikes out looking
Top of the 5th over - 0 runs, 0 hits, 0 errors, 0 left on base; Buckhead 0 - Ft. Worth 0
BOTTOM OF THE 5TH
Ft. Worth Cattlemen batting - Pitching for Buckhead Bowties : LHP Jong-yong Ha
Batting: LHB Shawn Kyllo 0-0: Foul Ball, location: 2F
0-1: Called Strike
0-2: Foul Ball, location: 2F
0-2: Foul Ball, location: 2F
0-2: Ball
1-2: Ball
2-2: Strikes out swinging
Batting: LHB Blake Browning 0-0: Ball
1-0: Called Strike
1-1: Ball
2-1: Ball
3-1: Called Strike
3-2: Fly out, F3 (Popup, 3SF, EV 88.8 MPH)
Batting: SHB Bren Spillane 0-0: Ground out 4-3 (Groundball, 4, EV 108.1 MPH)
Bottom of the 5th over - 0 runs, 0 hits, 0 errors, 0 left on base; Buckhead 0 - Ft. Worth 0
TOP OF THE 6TH
Buckhead Bowties batting - Pitching for Ft. Worth Cattlemen : LHP Shigochiyo Tanaka
Batting: RHB Félix Fernández 0-0: Ball
1-0: Swinging Strike
1-1: Foul Ball, location: 2F
1-2: Ball
2-2: Foul Ball, location: 2F
2-2: Ball
3-2: SINGLE (Flyball, 78S, EV 98.8 MPH)
Batting: RHB Juan Barrón 0-0: Bunted foul
0-1: Bunt - Flyout to 13! F1
Batting: RHB Hugh Mungus 0-0: Called Strike
0-1: Called Strike
0-2: Ball
1-2: Strikes out swinging
Batting: SHB Silvio Capitanio 0-0: Foul Ball, location: 2F
0-1: Called Strike
0-2: Ball
1-2: Ball
2-2: Ground out 6-3 (Groundball, 6M, EV 89.4 MPH)
Top of the 6th over - 0 runs, 1 hit, 0 errors, 1 left on base; Buckhead 0 - Ft. Worth 0
BOTTOM OF THE 6TH
Ft. Worth Cattlemen batting - Pitching for Buckhead Bowties : LHP Jong-yong Ha
Batting: RHB Jurgen Flurgenburgen 0-0: Fly out, F3 (Popup, 3SF, EV 78.8 MPH)
Batting: RHB Peter Holland 0-0: Ball
1-0: Ball
2-0: Ball
3-0: Called Strike
3-1: Fly out, F7 (Flyball, 78S, EV 83.8 MPH)
Batting: LHB Semo Hoaloha 0-0: Ball
1-0: Called Strike
1-1: Called Strike
1-2: Fly out, F7 (Flyball, 7LSF, EV 90.6 MPH)
Bottom of the 6th over - 0 runs, 0 hits, 0 errors, 0 left on base; Buckhead 0 - Ft. Worth 0
TOP OF THE 7TH
Buckhead Bowties batting - Pitching for Ft. Worth Cattlemen : LHP Shigochiyo Tanaka
Batting: LHB Jared Schneider 0-0: Ball
1-0: Ball
2-0: Called Strike
2-1: Swinging Strike
2-2: Fly out, F4 (Popup, 34D, EV 51.9 MPH)
Batting: LHB Jesús Encarnación 0-0: Foul Ball, location: 2F
0-1: Foul Ball, location: 2F
0-2: Strikes out swinging
Batting: LHB Spencer Powell 0-0: Foul Ball, location: 2F
0-1: Swinging Strike
0-2: Foul Ball, location: 2F
0-2: Ground out 4-3 (Groundball, 4M, EV 110.6 MPH)
Top of the 7th over - 0 runs, 0 hits, 0 errors, 0 left on base; Buckhead 0 - Ft. Worth 0
BOTTOM OF THE 7TH
Ft. Worth Cattlemen batting - Pitching for Buckhead Bowties : LHP Jong-yong Ha
Batting: RHB Tae-cho Han 0-0: Ball
1-0: Foul Ball, location: 2F
1-1: Ground out 5-3 (Groundball, 56S, EV 88.1 MPH)
Batting: SHB Kolby Hay 0-0: Fly out, F8 (Flyball, 89D, EV 101.9 MPH)
Batting: RHB Min-gook Ch'oe 0-0: Ball
1-0: Fly out, F3 (Popup, 3S, EV 71.2 MPH)
Bottom of the 7th over - 0 runs, 0 hits, 0 errors, 0 left on base; Buckhead 0 - Ft. Worth 0
TOP OF THE 8TH
Buckhead Bowties batting - Pitching for Ft. Worth Cattlemen : LHP Shigochiyo Tanaka
Batting: LHB Marcus Shill 0-0: Foul Ball, location: 2F
0-1: Ball
1-1: Foul Ball, location: 2F
1-2: Foul Ball, location: 2F
1-2: Ground out U3 (Groundball, 3L, EV 88.1 MPH)
Batting: LHB Charles Godard 0-0: Called Strike
0-1: Ball
1-1: Ground out 4-3 (Groundball, 34, EV 76.2 MPH)
Batting: RHB Félix Fernández 0-0: Called Strike
0-1: Ball
1-1: Fly out, F7 (Line Drive, 7, EV 92.5 MPH)
Top of the 8th over - 0 runs, 0 hits, 0 errors, 0 left on base; Buckhead 0 - Ft. Worth 0
BOTTOM OF THE 8TH
Ft. Worth Cattlemen batting - Pitching for Buckhead Bowties : LHP Jong-yong Ha
Batting: LHB Shawn Kyllo 0-0: Called Strike
0-1: Called Strike
0-2: SINGLE (Line Drive, 78S, EV 99.4 MPH)
Pitching: RHP Omar Morales
Batting: LHB Blake Browning 0-0: Called Strike
0-1: Sac Bunt to 5S - play at first, batter OUT! 5-4
Shawn Kyllo to second
Batting: SHB Bren Spillane 0-0: Foul Ball, location: 2F
0-1: Foul Ball, location: 2F
0-2: Foul Ball, location: 2F
0-2: Ball
1-2: Foul Ball, location: 2F
1-2: Strikes out swinging, 2-3 out at first.
Batting: RHB Jurgen Flurgenburgen 0-0: Ball
1-0: Ball
2-0: Ball
3-0: Called Strike
3-1: 2-RUN HOME RUN (Flyball, 7LD, EV 101.2 MPH), Distance : 360 ft
Batting: RHB Peter Holland 0-0: Ball
1-0: Ground out 6-3 (Groundball, 6, EV 100.6 MPH)
Bottom of the 8th over - 2 runs, 2 hits, 0 errors, 0 left on base; Buckhead 0 - Ft. Worth 2
TOP OF THE 9TH
Buckhead Bowties batting - Pitching for Ft. Worth Cattlemen : LHP Shigochiyo Tanaka
Pitching: RHP Blair Wright
Batting: RHB Juan Barrón 0-0: Called Strike
0-1: Ball
1-1: Ground out 5-3 (Groundball, 56, EV 103.1 MPH)
Batting: RHB Hugh Mungus 0-0: Ball
1-0: Ball
2-0: Called Strike
2-1: Ball
3-1: Foul Ball, location: 2F
3-2: Base on Balls
Batting: SHB Silvio Capitanio 0-0: SINGLE (Line Drive, 4MD, EV 102.5 MPH)
Hugh Mungus to second
Batting: LHB Jared Schneider 0-0: SINGLE (Line Drive, 9S, EV 90.6 MPH)
Hugh Mungus to third
Silvio Capitanio to second
Batting: LHB Jesús Encarnación 0-0: Called Strike
0-1: Swinging Strike
0-2: Ball
1-2: Fly out, F8 (Flyball, 8RD, EV 101.9 MPH)
Batting: LHB Spencer Powell 0-0: Ball
1-0: Fly out, F7 (Flyball, 7S, EV 79.4 MPH)
Top of the 9th over - 0 runs, 2 hits, 0 errors, 3 left on base; Buckhead 0 - Ft. Worth 2
Friday, March 26th, 2021 - OOTP Baseball 20.8 Build 74